| TOP OF THE 1ST |
|
Trois-Riveres Aigles batting - Pitching for Winnipeg Goldeyes : RHP Jose Zavala
|
|
Pitching: RHP Jose Zavala
|
|
|
Batting: RHB Luis Jara
|
0-0: Foul Ball, location: 2F 0-1: Ball 1-1: Bunt for hit to 2R - play at first, batter OUT! 2-3
|
|
Batting: RHB Tony Bonilla
|
0-0: Swinging Strike 0-1: Swinging Strike 0-2: Ball 1-2: Strikes out swinging
|
|
Batting: RHB Sandoval Serzedelo
|
0-0: Fly out, F7 (Flyball, 7LS, EV 83.8 MPH)
|
| Top of the 1st over - 0 runs, 0 hits, 0 errors, 0 left on base; Trois-Riveres 0 - Winnipeg 0 |
| BOTTOM OF THE 1ST |
|
Winnipeg Goldeyes batting - Pitching for Trois-Riveres Aigles : RHP Jesus Espinosa
|
|
Pitching: RHP Jesus Espinosa
|
|
|
Batting: RHB Mike Berzins
|
0-0: Ball 1-0: Ball 2-0: Foul Ball, location: 2F 2-1: Ball 3-1: Base on Balls
|
|
Batting: RHB Settan Nakamura
|
0-0: Called Strike 0-1: Swinging Strike 0-2: Strikes out swinging
|
|
Batting: SHB Victor Turrubiate
|
0-0: Called Strike 0-1: Ball 1-1: Called Strike 1-2: Ball 2-2: Ball 3-2: Base on Balls Mike Berzins to second
|
|
Batting: RHB Terry Oetker
|
0-0: Swinging Strike 0-1: Called Strike Mike Berzins steals 3rd base Victor Turrubiate to second 0-2: Foul Ball, location: 2F 0-2: Ball 1-2: Ball 2-2: Strikes out swinging
|
|
Batting: RHB Alejandro de Jesus
|
0-0: Ball 1-0: Ball 2-0: Called Strike 2-1: DOUBLE (Popup, 56D, EV 61.2 MPH) Mike Berzins scores Victor Turrubiate scores
|
|
Batting: RHB Yu-zeng Mai
|
0-0: Called Strike 0-1: Ball 1-1: Foul Ball, location: 2F 1-2: Strikes out swinging
|
| Bottom of the 1st over - 2 runs, 1 hit, 0 errors, 1 left on base; Trois-Riveres 0 - Winnipeg 2 |
| TOP OF THE 2ND |
|
Trois-Riveres Aigles batting - Pitching for Winnipeg Goldeyes : RHP Jose Zavala
|
|
Batting: RHB Toshikatsu Omori
|
0-0: Called Strike 0-1: Swinging Strike 0-2: Strikes out looking
|
|
Batting: RHB Micah Logan
|
0-0: Called Strike 0-1: Ball 1-1: Foul Ball, location: 2F 1-2: Strikes out swinging
|
|
Batting: RHB Alistair Holmes
|
0-0: Ball 1-0: Ball 2-0: Foul Ball, location: 2F 2-1: SOLO HOME RUN (Line Drive, 7D, EV 108.1 MPH), Distance : 404 ft
|
|
Batting: RHB Willie Acevedo
|
0-0: Fly out, F7 (Flyball, 7D, EV 90.0 MPH)
|
| Top of the 2nd over - 1 run, 1 hit, 0 errors, 0 left on base; Trois-Riveres 1 - Winnipeg 2 |
| BOTTOM OF THE 2ND |
|
Winnipeg Goldeyes batting - Pitching for Trois-Riveres Aigles : RHP Jesus Espinosa
|
|
Batting: RHB Calvin Day
|
0-0: SINGLE (Groundball, 6MD, EV 96.2 MPH)
|
|
Batting: SHB Tim Lloyd
|
0-0: Ball 1-0: Called Strike 1-1: Ball 2-1: Ball 3-1: Called Strike 3-2: Base on Balls Calvin Day to second
|
|
Batting: RHB Ricky Saucedo
|
0-0: Ball 1-0: Foul Ball, location: 2F 1-1: Foul Ball, location: 2F 1-2: Foul Ball, location: 2F 1-2: Strikes out swinging
|
|
Batting: RHB Mike Berzins
|
0-0: Foul Ball, location: 2F 0-1: Ball 1-1: Grounds into double play, 6-4-3 (Groundball, 6, EV 106.2 MPH)
|
| Bottom of the 2nd over - 0 runs, 1 hit, 0 errors, 1 left on base; Trois-Riveres 1 - Winnipeg 2 |
| TOP OF THE 3RD |
|
Trois-Riveres Aigles batting - Pitching for Winnipeg Goldeyes : RHP Jose Zavala
|
|
Batting: RHB Danny Mota
|
0-0: SINGLE (Line Drive, 9S, EV 108.1 MPH)
|
|
Batting: RHB Ben Saxton
|
0-0: Fly out, F8 (Flyball, 8RM, EV 96.9 MPH)
|
|
Batting: RHB Luis Jara
|
0-0: Ball 1-0: Foul Ball, location: 2F 1-1: Ball 2-1: Grounds into double play, 6-4-3 (Groundball, 6S, EV 83.8 MPH)
|
| Top of the 3rd over - 0 runs, 1 hit, 0 errors, 0 left on base; Trois-Riveres 1 - Winnipeg 2 |
| BOTTOM OF THE 3RD |
|
Winnipeg Goldeyes batting - Pitching for Trois-Riveres Aigles : RHP Jesus Espinosa
|
|
Batting: RHB Settan Nakamura
|
0-0: Ball 1-0: Called Strike 1-1: Foul Ball, location: 2F 1-2: Strikes out swinging
|
|
Batting: SHB Victor Turrubiate
|
0-0: Called Strike 0-1: Ball 1-1: SINGLE (Line Drive, 6D, EV 96.2 MPH)
|
|
Batting: RHB Terry Oetker
|
0-0: Ball 1-0: Ball 2-0: Swinging Strike 2-1: Ball 3-1: Grounds into double play, 6-4-3 (Groundball, 6, EV 82.5 MPH)
|
| Bottom of the 3rd over - 0 runs, 1 hit, 0 errors, 0 left on base; Trois-Riveres 1 - Winnipeg 2 |
| TOP OF THE 4TH |
|
Trois-Riveres Aigles batting - Pitching for Winnipeg Goldeyes : RHP Jose Zavala
|
|
Batting: RHB Tony Bonilla
|
0-0: SINGLE (Groundball, 6MD, EV 93.8 MPH)
|
|
Batting: RHB Sandoval Serzedelo
|
0-0: Fly out, F8 (Flyball, 78D, EV 94.4 MPH)
|
|
Batting: RHB Toshikatsu Omori
|
0-0: Fielders Choice at 2nd, 3-6 (Groundball, 3, EV 81.2 MPH)
|
|
Batting: RHB Micah Logan
|
0-0: Ball 1-0: Swinging Strike 1-1: Ground out 4-3 (Groundball, 34S, EV 75.6 MPH)
|
| Top of the 4th over - 0 runs, 1 hit, 0 errors, 1 left on base; Trois-Riveres 1 - Winnipeg 2 |
| BOTTOM OF THE 4TH |
|
Winnipeg Goldeyes batting - Pitching for Trois-Riveres Aigles : RHP Jesus Espinosa
|
|
Batting: RHB Alejandro de Jesus
|
0-0: SINGLE (Groundball, 34D, EV 103.8 MPH)
|
|
Batting: RHB Yu-zeng Mai
|
0-0: Ball 1-0: Swinging Strike 1-1: Swinging Strike 1-2: Strikes out looking
|
|
Batting: RHB Calvin Day
|
0-0: Ball 1-0: Ball 2-0: Called Strike 2-1: Ball 3-1: Base on Balls Alejandro de Jesus to second
|
|
Batting: SHB Tim Lloyd
|
0-0: Called Strike Alejandro de Jesus is caught stealing 3rd base 2-5 0-1: Ball 1-1: Swinging Strike 1-2: Ball 2-2: Foul Ball, location: 2F 2-2: Ball 3-2: DOUBLE (Line Drive, 7LM, EV 101.2 MPH) Calvin Day to third Calvin Day scores
|
|
Batting: RHB Ricky Saucedo
|
0-0: Foul Ball, location: 2F 0-1: Foul Ball, location: 2F 0-2: Foul Ball, location: 2F 0-2: Fly out, F4 (Line Drive, 4M, EV 71.9 MPH)
|
| Bottom of the 4th over - 1 run, 2 hits, 0 errors, 1 left on base; Trois-Riveres 1 - Winnipeg 3 |
| TOP OF THE 5TH |
|
Trois-Riveres Aigles batting - Pitching for Winnipeg Goldeyes : RHP Jose Zavala
|
|
Batting: RHB Alistair Holmes
|
0-0: Called Strike 0-1: Ball 1-1: Swinging Strike 1-2: Foul Ball, location: 2F 1-2: Ball 2-2: Strikes out swinging
|
|
Batting: RHB Willie Acevedo
|
0-0: Ball 1-0: Foul Ball, location: 2F 1-1: Ball 2-1: Swinging Strike 2-2: Strikes out swinging
|
|
Batting: RHB Danny Mota
|
0-0: Ball 1-0: Called Strike 1-1: Ground out 5-3 (Groundball, 56, EV 108.8 MPH)
|
| Top of the 5th over - 0 runs, 0 hits, 0 errors, 0 left on base; Trois-Riveres 1 - Winnipeg 3 |
| BOTTOM OF THE 5TH |
|
Winnipeg Goldeyes batting - Pitching for Trois-Riveres Aigles : RHP Jesus Espinosa
|
|
Batting: RHB Mike Berzins
|
0-0: Ground out 6-3 (Groundball, 6, EV 87.5 MPH)
|
|
Batting: RHB Settan Nakamura
|
0-0: Called Strike 0-1: Ball 1-1: Swinging Strike 1-2: Ball 2-2: Foul Ball, location: 2F 2-2: Strikes out swinging
|
|
Batting: SHB Victor Turrubiate
|
0-0: Ball 1-0: Swinging Strike 1-1: Called Strike 1-2: Fly out, F7 (Flyball, 7D, EV 101.9 MPH)
|
| Bottom of the 5th over - 0 runs, 0 hits, 0 errors, 0 left on base; Trois-Riveres 1 - Winnipeg 3 |
| TOP OF THE 6TH |
|
Trois-Riveres Aigles batting - Pitching for Winnipeg Goldeyes : RHP Jose Zavala
|
|
Batting: RHB Ben Saxton
|
0-0: Ball 1-0: Called Strike 1-1: Foul Ball, location: 2F 1-2: Foul Ball, location: 2F 1-2: Ball 2-2: Foul Ball, location: 2F 2-2: Ball 3-2: Strikes out swinging
|
|
Batting: RHB Luis Jara
|
0-0: Ball 1-0: Fly out, F8 (Flyball, 8LXD, EV 106.9 MPH)
|
|
Batting: RHB Tony Bonilla
|
0-0: Ball 1-0: Ball 2-0: Ball 3-0: Called Strike 3-1: Foul Ball, location: 2F 3-2: Foul Ball, location: 2F 3-2: Fly out, F7 (Flyball, 78M, EV 93.8 MPH)
|
| Top of the 6th over - 0 runs, 0 hits, 0 errors, 0 left on base; Trois-Riveres 1 - Winnipeg 3 |
| BOTTOM OF THE 6TH |
|
Winnipeg Goldeyes batting - Pitching for Trois-Riveres Aigles : RHP Jesus Espinosa
|
|
Batting: RHB Terry Oetker
|
0-0: Ball 1-0: Called Strike 1-1: Foul Ball, location: 2F 1-2: Ball 2-2: SOLO HOME RUN (Flyball, 7D, EV 98.1 MPH), Distance : 401 ft
|
|
Batting: RHB Alejandro de Jesus
|
0-0: Fly out, F7 (Line Drive, 7, EV 95.6 MPH)
|
|
Batting: RHB Yu-zeng Mai
|
0-0: Ball 1-0: Swinging Strike 1-1: Swinging Strike 1-2: Ground out 6-3 (Groundball, 4M, EV 89.4 MPH)
|
|
Batting: RHB Calvin Day
|
0-0: Called Strike 0-1: Ground out 6-3 (Groundball, 56D, EV 88.1 MPH)
|
| Bottom of the 6th over - 1 run, 1 hit, 0 errors, 0 left on base; Trois-Riveres 1 - Winnipeg 4 |
| TOP OF THE 7TH |
|
Trois-Riveres Aigles batting - Pitching for Winnipeg Goldeyes : RHP Jose Zavala
|
|
Batting: RHB Sandoval Serzedelo
|
0-0: Swinging Strike 0-1: Ball 1-1: Ball 2-1: Foul Ball, location: 2F 2-2: Fly out, F7 (Flyball, 78M, EV 90.0 MPH)
|
|
Batting: RHB Toshikatsu Omori
|
0-0: Called Strike 0-1: Called Strike 0-2: Foul Ball, location: 2F 0-2: Foul Ball, location: 2F 0-2: Ball 1-2: Ball 2-2: Ball 3-2: Fly out, F8 (Flyball, 8RXD, EV 92.5 MPH)
|
|
Batting: RHB Micah Logan
|
0-0: Ball 1-0: Ball 2-0: Ball 3-0: Called Strike 3-1: Swinging Strike 3-2: Foul Ball, location: 2F 3-2: Foul Ball, location: 2F 3-2: Strikes out looking
|
| Top of the 7th over - 0 runs, 0 hits, 0 errors, 0 left on base; Trois-Riveres 1 - Winnipeg 4 |
| BOTTOM OF THE 7TH |
|
Winnipeg Goldeyes batting - Pitching for Trois-Riveres Aigles : RHP Jesus Espinosa
|
|
Batting: SHB Tim Lloyd
|
0-0: Fly out, F8 (Line Drive, 8LS, EV 92.5 MPH)
|
|
Batting: RHB Ricky Saucedo
|
0-0: Ball 1-0: Foul Ball, location: 2F 1-1: Foul Ball, location: 2F 1-2: Ball 2-2: Foul Ball, location: 2F 2-2: Foul Ball, location: 2F 2-2: Fly out, F8 (Line Drive, 8LM, EV 90.0 MPH)
|
|
Batting: RHB Mike Berzins
|
0-0: Ball 1-0: Ball 2-0: Called Strike 2-1: Foul Ball, location: 2F 2-2: Foul Ball, location: 2F 2-2: Strikes out looking
|
| Bottom of the 7th over - 0 runs, 0 hits, 0 errors, 0 left on base; Trois-Riveres 1 - Winnipeg 4 |
| TOP OF THE 8TH |
|
Trois-Riveres Aigles batting - Pitching for Winnipeg Goldeyes : RHP Jose Zavala
|
|
Pitching: LHP Bryce Alexander
|
|
|
Batting: RHB Alistair Holmes
|
0-0: Swinging Strike 0-1: Ball 1-1: Ball 2-1: Fly out, F8 (Line Drive, 78D, EV 91.2 MPH)
|
|
Batting: RHB Willie Acevedo
|
0-0: Ball 1-0: Called Strike 1-1: Swinging Strike 1-2: Ball 2-2: Fly out, F7 (Flyball, 7, EV 84.4 MPH)
|
|
Batting: RHB Danny Mota
|
0-0: Swinging Strike 0-1: Foul Ball, location: 2F 0-2: Ball 1-2: Strikes out swinging, 2-3 out at first.
|
| Top of the 8th over - 0 runs, 0 hits, 0 errors, 0 left on base; Trois-Riveres 1 - Winnipeg 4 |
| BOTTOM OF THE 8TH |
|
Winnipeg Goldeyes batting - Pitching for Trois-Riveres Aigles : RHP Jesus Espinosa
|
|
Pitching: RHP Jose Arredondo
|
|
|
Batting: RHB Settan Nakamura
|
0-0: Ground out 6-3 (Groundball, 6, EV 97.5 MPH)
|
|
Batting: SHB Victor Turrubiate
|
0-0: Ball 1-0: Called Strike 1-1: Ball 2-1: Ball 3-1: Base on Balls
|
|
Batting: RHB Terry Oetker
|
0-0: Called Strike 0-1: Ball 1-1: Foul Ball, location: 2F 1-2: Ball 2-2: Strikes out swinging
|
|
Batting: RHB Alejandro de Jesus
|
0-0: Called Strike Victor Turrubiate is caught stealing 2nd base 2-4
|
| Bottom of the 8th over - 0 runs, 0 hits, 0 errors, 0 left on base; Trois-Riveres 1 - Winnipeg 4 |
| TOP OF THE 9TH |
|
Trois-Riveres Aigles batting - Pitching for Winnipeg Goldeyes : LHP Bryce Alexander
|
|
Pinch Hitting: LHB Ian Cranton
|
0-0: DOUBLE (Line Drive, 8LD, EV 101.9 MPH)
|
|
Batting: RHB Luis Jara
|
0-0: Ball 1-0: Ball 2-0: Foul Ball, location: 2F 2-1: Swinging Strike 2-2: Foul Ball, location: 2F 2-2: Ground out 5-3 (Groundball, 56, EV 96.2 MPH)
|
|
Pinch Hitting: RHB Gabe Wilcoxon
|
0-0: Reached on error, E4 (Groundball, 4, EV 81.2 MPH) Ian Cranton scores
|
|
Batting: RHB Joel Wittmier
|
0-0: Ground out 5-3 (Groundball, 56, EV 85.0 MPH)
|
|
Batting: RHB Toshikatsu Omori
|
0-0: Ground out 6-3 (Groundball, 56, EV 86.2 MPH)
|
| Top of the 9th over - 1 run, 1 hit, 1 error, 1 left on base; Trois-Riveres 2 - Winnipeg 4 |
|